 Dungeon Crawl Stone Soup version 0.29-a0-364-g921d912d32 (webtiles) character file.

Game seed: 6144252136834554037

4 lesaewzxc the Sneak (level 1, -2/12 HPs)
             Began as a Kobold Brigand on Apr 30, 2022.
             Slain by a gnoll
             ... wielding a +0 flail
              (5 damage)
             ... on level 1 of the Dungeon.
             The game lasted 00:01:37 (203 turns).

lesaewzxc the Sneak (Kobold Brigand)                 Turns: 203, Time: 00:01:38

Health: -2/12      AC:  3    Str:  8    XL:     1   Next: 77%
Magic:  1/1        EV: 14    Int: 12    God:
Gold:   0          SH:  0    Dex: 16    Spells: 0/0 levels left

rFire   . . .      SeeInvis .   a - +2 dagger
rCold   . . .      Faith    .   (no shield)
rNeg    . . .      Spirit   .   b - +0 robe
rPois   .          Reflect  .   (no helmet)
rElec   .          Harm     .   c - +0 cloak
rCorr   .          Rampage  .   (no gloves)
Will    .....                   (no boots)
Stlth   ++++......              (no amulet)
HPRegen 0.04/turn               (no ring)
MPRegen 0.07/turn               (no ring)

@: no status effects
A: small, no large weapons, nightstalker 3
a: no special abilities


You were on level 1 of the Dungeon.
You visited 1 branch of the dungeon, and saw 1 of its levels.

Inventory:

Hand Weapons
 a - a +2 dagger (weapon)
Missiles
 d - 9 poisoned darts (quivered)
 e - 3 curare-tipped darts
Armour
 b - a +0 robe (worn)
 c - a +0 cloak (worn)
Scrolls
 g - 2 scrolls of identify
 h - a scroll of enchant weapon {unknown}
Potions
 f - a potion of heal wounds {unknown}


   Skills:
 + Level 2.3 Fighting
 + Level 2.8 Short Blades
 + Level 2.3 Throwing
 + Level 1.4 Dodging
 + Level 5.4 Stealth


You couldn't memorise any spells.
You didn't know any spells.
Your spell library was empty.

Dungeon Overview and Level Annotations

Branches:
Dungeon (1/15)

Altars:

Annotations:
D:1 1 transporter


Innate Abilities, Weirdness & Mutations

You are small and have problems with some larger weapons.
You are completely attuned to the shadows.


Message History

The bat is heavily wounded.
The bat closely misses you.
You hit the bat.
You kill the bat!
You feel your willpower return.
f - a bubbling silvery potion The helpless frilled lizard fails to defend itself.
You impale the frilled lizard!!
You kill the frilled lizard!
A kobold comes into view. It is wielding a +0 club.
Found a scroll of identify.
The kobold shouts!
The kobold misses you. The kobold misses you.
You hit the kobold but do no damage. The kobold hits you with a +0 club.
You hit the kobold.
The kobold is moderately wounded.
The kobold hits you with a +0 club.
You closely miss the kobold.
The kobold is moderately wounded.
The kobold hits you but does no damage.
You hit the kobold.
You kill the kobold!
g - a scroll of identify An endoplasm comes into view.
The helpless endoplasm fails to defend itself.
You impale the endoplasm!!
You kill the endoplasm!
Found a scroll labelled YNAUV PELAF.
h - a scroll labelled YNAUV PELAF
Found a scroll of identify.
A gnoll comes into view. It is wielding a +0 flail.
g - 2 scrolls of identify (gained 1)
The gnoll hits you with a +0 flail.
Ouch! That really hurt!
* * * LOW HITPOINT WARNING * * *
The gnoll misses you.
You closely miss the gnoll. The gnoll completely misses you.
You closely miss the gnoll. The gnoll hits you with a +0 flail.
You die...

#........ ##...
##≈....... ###.
#≈≈....... ≈≈≈≈.
#≈≈......≈# ≈#≈##
#≈≈......≈≈ ≈≈≈≈#
###≈≈......# ≈≈≈≈≈≈
≈≈≈≈...##..##≈≈#≈#≈##
≈≈≈≈........#≈≈≈≈≈ #.
≈≈≈.@.###...#≈#≈≈≈##.
≈≈..g.# #.....####...
.....## #............
....## #...#########
..## #####


You could see a gnoll.

Vanquished Creatures
  An endoplasm (D:1)
  2 bats (D:1)
  A frilled lizard (D:1)
  A kobold (D:1)
5 creatures vanquished.

Notes
Turn   | Place    | Note
-------+----------+-------------------------------------------
     0 | D:1      | lesaewzxc the Kobold Brigand began the quest for the Orb.
     0 | D:1      | Reached XP level 1. HP: 12/12 MP: 1/1
    17 | D:1      | Found a transporter.
   203 | D:1      | Slain by a gnoll

Illustrated notes

Levels and vault maps discovered:
D:1:      spicycebolla_arrival_teleporter_tutorial, layout_rooms,
          grunt_decor_junction, minivault_4, amcnicky_mini_corridor_feature,
          chequers_serial_rivers_micro_d, minmay_misc_feat_plants

Action                   || total
-------------------------++-------
Melee: Dagger            ||    12
Throw: Dart              ||     1
  Use: Scroll            ||     2
 Stab: Sleeping          ||     2
Armor: Robe              ||     2
Dodge: Dodged            ||     5

Table legend: (Time is in decaauts)
 A = Elapsed time spent in this place.
 B = Non-inter-level travel time spent in this place.
 C = Inter-level travel time spent in this place.
 D = Time resting spent in this place.
 E = Time spent auto-exploring this place.
 F = Levels seen in this place.
 G = Mean time per level.
                   A        B        C        D        E       F      G
               +--------+--------+--------+--------+--------+-----+--------+
         Total |    202 |    201 |      1 |      0 |     13 |   1 |  202.0 |
       Dungeon |    202 |    201 |      1 |      0 |     13 |   1 |  202.0 |
               +--------+--------+--------+--------+--------+-----+--------+

Top non-repeatable levels by time:
     D:1: 202 daAuts
